AoeStats
← Tetragamenon11

Arabia

510129528Analyzed
1v1 RM · 4d ago on Sep 29, 2026· 32m 20s· 2 players
Game mode
Random Map
Map size
Tiny (2 player)
Population
200
Speed
Normal
Resources
Standard
Victory
Conquest
Starting age
Dark Age
Ending age
Imperial Age
RankedLock teamsTeams togetherTeam positionsShared explorationLock speedFull tech treeHidden civsTurbo modeCheats
Victory
Defeat
🇵🇪 Inca · Peru
1302
+14
🇨🇦 Varangians · Canada
1264
-14
Praetor Pete
7:25 Loom
9:38 Feudal Age
10:07 Double-Bit Axe
14:42 Bloodlines
20:40 Scale Barding Armor
27:01 Forging
29:36 Fletching
Tetragamenon11
7:59 Loom
10:45 Feudal Age
12:16 Champi Runner
14:08 Double-Bit Axe
15:18 Scale Mail Armor
16:04 Forging
19:17 Horse Collar
20:50 Wheelbarrow
24:47 Castle Age
22:57 Gold Mining
25:47 Squires
25:14 Champi Warrior
26:44 Iron Casting
27:09 Chain Mail Armor
28:29 Pikeman
Connection lost

Rejoining the realm…

Still unreachable

The connection could not be restored.

Session expired

The server has moved on; the page needs a fresh start.